 Dungeon Crawl Stone Soup version 0.31.0-9-g3a7656b989 (webtiles) character file.

Game seed: 6325363828064418497

198 qw the Ducker (level 5, 0/26 HPs)
             Began as a Spriggan Hunter on Feb 2, 2024.
             Killed from afar by Sigmund (7 damage)
             ... with a magic dart
             ... on level 3 of the Dungeon.
             The game lasted 00:00:05 (1765 turns).

qw the Ducker (Spriggan Hunter)                     Turns: 1765, Time: 00:00:06

Health: 0/26       AC:  2    Str:  7    XL:     5   Next: 47%
Magic:  6/6        EV: 23    Int: 10    God:
Gold:   135        SH:  0    Dex: 27    Spells: 4/4 levels left

rFire   . . .        a - +0 shortbow (heavy)
rCold   . . .        (shield currently unavailable)
rNeg    . . .        c - +0 robe
rPois   .            (helmet restricted)
rElec   .            (no cloak)
rCorr   .            (gloves unavailable)
SInv    +            (boots unavailable)
Will    .....        (no amulet)
Stlth   +++          m - +6 ring of dexterity
HPRegen 0.24/turn    (no ring)
MPRegen 0.10/turn

%: no passive effects
@: very quick
A: very small, no large weapons, unfitting armour, see invisible, speed 3
a: no special abilities


You were on level 3 of the Dungeon.
You visited 1 branch of the dungeon, and saw 3 of its levels.

You collected 135 gold pieces.


Innate Abilities, Weirdness & Mutations

You are very small and have problems with some larger weapons.
You are too small for most types of armour.
You have supernaturally acute eyesight. (SInv)
You cover ground extremely quickly. (Speed+++)


   Skills:
 + Level 1.8 Fighting
 - Level 5.0 Ranged Weapons
 - Level 6.2 Dodging
 - Level 1.5 Stealth


You had 4 spell levels left.
You didn't know any spells.
Your spell library was empty.

Inventory:

Hand Weapons
 a - a +0 heavy shortbow (weapon)
Armour
 c - a +0 robe (worn)
Jewellery
 m - a +6 ring of dexterity (left hand)
Scrolls
 d - a scroll of enchant armour
 g - a scroll of identify
Potions
 b - a potion of attraction {unknown}
 e - a potion of resistance
 f - a potion of ambrosia {unknown}
 i - a potion of might {unknown}

Dungeon Overview and Level Annotations

Branches:
Dungeon (3/15)

Altars:
Vehumet

Annotations:
D:3 Sigmund


Message History

There is an open door here.
Found a leather armour.
You now have 123 gold pieces (gained 15).
You open the door.
There is an open door here.
You now have 135 gold pieces (gained 12).
You shoot an arrow. The arrow barely misses Sigmund.
Sigmund shouts!
Sigmund enters a dispersal trap!
You blink.
Sigmund blinks!
You shoot an arrow. The arrow hits Sigmund.
Sigmund is lightly wounded.
You shoot an arrow. The arrow hits Sigmund!
Sigmund is moderately wounded.
Sigmund gestures at you while chanting. The magic dart hits you!
You shoot an arrow. The arrow hits Sigmund!
Sigmund is severely wounded.
You shoot an arrow. The arrow closely misses Sigmund.
You shoot an arrow.
The arrow hits Sigmund but does no damage.
Sigmund is heavily wounded.
Sigmund completely misses you.
Sigmund casts a spell.
Sigmund flickers and vanishes for a moment.
You shoot an arrow. The arrow closely misses Sigmund.
Sigmund misses you.
You shoot an arrow. The arrow hits Sigmund.
Sigmund is severely wounded.
Sigmund misses you.
You shoot an arrow. The arrow barely misses Sigmund.
Sigmund hits you from afar with a +0 scythe!
Sigmund barely misses you.
You shoot an arrow. The arrow hits Sigmund!
Sigmund is almost dead.
Sigmund completely misses you.
You shoot an arrow. The arrow barely misses Sigmund.
Sigmund points at you and mumbles some strange words.
The magic dart hits you!
You die...
Sigmund begins carving another notch in his scythe.

#.......###
#.............
#.......# #...
#.......# #....
#.......# ....
#....)..#####..###
........%.....>..#
#######.###.#....#
.# #.....#.@.@# .#
####..........## '#
#........^.....#
.###........#..##.#
..##......###..##.#
%..##.....# #..##.#
7.....%...# #..##.#
...##.....# #..##.#
..##......# #..##.#


You could see Sigmund (invisible).

Vanquished Creatures
  2 orc priests (D:3)
  Jessica (D:2)
  Natasha (D:3)
  4 adders
  A dart slug (D:1)
  A ribbon worm (D:2)
  2 orcs (D:3)
  3 endoplasms
  A giant cockroach (D:1)
  8 goblins
  4 hobgoblins
  7 kobolds
  2 quokkas (D:1)
  7 ball pythons
  4 bats
  2 frilled lizards (D:1)
  3 rats (D:2)
53 creatures vanquished.

Notes
Turn   | Place    | Note
-------+----------+-------------------------------------------
     0 | D:1      | qw the Spriggan Hunter began the quest for the Orb.
     0 | D:1      | Reached XP level 1. HP: 10/10 MP: 2/2
     0 | D:1      | 0 ||| qw: Version: 0.3-a-155-g5e7d8dd
     0 | D:1      | 0 ||| qw: Game counter: 786
     0 | D:1      | 0 ||| qw: Melee chars always use a shield: true
     0 | D:1      | 0 ||| qw: God list: Okawaru
     0 | D:1      | 0 ||| qw: Allow faded altars: false
     0 | D:1      | 0 ||| qw: Do Orc after clearing Dungeon:15 true
     0 | D:1      | 0 ||| qw: Do second Lair branch before Depths: true
     0 | D:1      | 0 ||| qw: Lair rune preference: random
     0 | D:1      | 0 ||| qw: Goals: Normal
     0 | D:1      | 0 ||| PLANNING D:1-11
    17 | D:1      | Reached skill level 3 in Dodging
    91 | D:1      | Reached XP level 2. HP: 14/14 MP: 3/3
   236 | D:1      | Reached skill level 4 in Dodging
   644 | D:1      | 644 ||| READING 2 scrolls labelled MULYDW UGOITYO.
   644 | D:1      | 644 ||| ENCHANTING +0 shortbow.
   645 | D:1      | 645 ||| READING scroll labelled ZOURHU LIWIOMO.
   646 | D:1      | 646 ||| READING scroll labelled QIWENE ANGYME.
   747 | D:1      | 747 ||| READING scroll labelled KIF BADUNTU.
   748 | D:1      | 748 ||| DROPPING scroll of butterflies.
   780 | D:2      | Reached XP level 3. HP: 18/18 MP: 4/4
   848 | D:2      | HP: 4/18 [ribbon worm (7)]
   927 | D:2      | Noticed Jessica
   934 | D:2      | Killed Jessica
  1006 | D:2      | Reached XP level 4. HP: 13/22 MP: 5/5
  1451 | D:2      | 1451 ||| UPGRADING to +6 ring of dexterity.
  1452 | D:2      | 1452 ||| READING scroll labelled CAAPSOOLAG.
  1453 | D:2      | 1453 ||| READING scroll labelled MAEQEOFUNI.
  1454 | D:2      | 1454 ||| READING scroll labelled VEDACELATA.
  1457 | D:2      | 1457 ||| READING scroll labelled GAGIOSK QESHINEB.
  1457 | D:2      | 1457 ||| BRANDING +0 shortbow.
  1458 | D:2      | 1458 ||| READING scroll labelled ZAOSHR QET KAR.
  1459 | D:2      | 1459 ||| READING scroll labelled WUFOIHO MUORUKO.
  1459 | D:2      | 1459 ||| IDENTIFYING metallic amethyst potion
  1513 | D:3      | Noticed Sigmund
  1538 | D:3      | Noticed Natasha
  1539 | D:3      | Killed Natasha
  1540 | D:3      | Reached skill level 5 in Dodging
  1579 | D:3      | Reached XP level 5. HP: 25/25 MP: 6/6
  1583 | D:3      | Reached skill level 6 in Dodging
  1720 | D:3      | Found a radiant altar of Vehumet.
  1765 | D:3      | Killed from afar by Sigmund

Levels and vault maps discovered:
D:1:      amcnicky_arrival_blooded_trapdoor, layout_loops_ring,
          serial_bayou_pond_e, minmay_domino_2
D:2:      layout_basic, st_stairs_1, uniq_jessica
D:3:      layout_basic, nicolae_vehumet_altar_sigil, grunt_ministairs_15,
          uniq_sigmund, uniq_natasha

Skill      XL: |  1  2  3  4  5 |
---------------+----------------+-----
Dodging        | 3 4 5 6 |  6.2
Ranged Weapons | 5 |  5.0
Fighting       | |  1.8
Stealth        | |  1.5

Action                     |  1- 3 |  4- 6 || total
---------------------------+-------+-------++-------
   Fire: Shortbow          |    88 |    56 ||   144
    Use: Scroll            |     4 |     6 ||    10
 Armour: Robe              |     9 |     4 ||    13
  Dodge: Dodged            |    11 |    30 ||    41

Table legend:
 A = Non-vault XP
 B = Vault XP
 C = Vault XP percentage of total XP
 D = Non-vault monster count
 E = Vault monster count
 F = Vault count percentage of total count
                 A         B        C        D         E       F
            +---------+---------+-------+---------+---------+-------
      Total |     201 |      83 |  29.2 |      44 |       9 |  17.0
            +---------+---------+-------+---------+---------+-------
        D:1 |      31 |       3 |   8.8 |      19 |       2 |   9.5
        D:2 |      42 |      41 |  49.4 |      10 |       4 |  28.6
        D:3 |     128 |      39 |  23.4 |      15 |       3 |  16.7
            +---------+---------+-------+---------+---------+-------
